[Event "Slovakia Open 2022"]
[Site "Bratislava"]
[Date "2022.10.02"]
[Round "8.15"]
[White "Panko, Radoslav"]
[Black "Krajnak, Robert"]
[Result "1/2-1/2"]
[ECO "A45"]
[WhiteElo "1996"]
[BlackElo "1931"]
[Annotator "TA"]
[PlyCount "127"]
[EventDate "2022.09.30"]
[EventCountry "SVK"]
[SourceTitle "playchess.com"]
[Source "ChessBase"]
[SourceQuality "1"]
[TimeControl "2700+10"]

1. d4 Nf6 2. Bg5 c5 3. d5 e5 4. Nc3 d6 5. e4 Be7 6. Nf3 {[%emt 0:02:03] A45: Trompowsky Attack.} O-O 7. h3 {[%emt 0:05:41] [#]} Re8 $146 ({Predecessor:} 7... Ne8 8. Bxe7 Qxe7 9. Bd3 a6 10. a4 b6 11. O-O g6 12. Nd2 Ng7 13. Nc4 Nd7 {½-½ (59) Voros,G (2202)-Packa,L (2108) Slovakia 2020}) 8. a4 {[%emt 0:00:42] White is slightly better.} Nfd7 9. Bxe7 Qxe7 10. Nd2 Nf8 11. Bb5 Rd8 12. a5 Ng6 13. h4 Na6 14. h5 Nf8 15. Nc4 f5 ({Better is} 15... h6 $14) 16. exf5 Bxf5 17. Ne3 (17. Bxa6 $18 bxa6 18. g4) 17... Bc8 $16 18. Ne4 Nc7 19. Bd3 Ne8 (19... h6 $1 $14) 20. Qf3 {[%emt 0:07:07] White is much more active.} Qf7 $2 (20... h6 $1 $14) 21. Qg3 Nf6 22. Ng5 Qc7 (22... Qe7 $16) 23. Bf5 $2 (23. h6 $18) 23... Bxf5 (23... h6 $1 $14) 24. Nxf5 Kh8 25. Ne6 (25. Qf3 $18) 25... Nxe6 26. dxe6 $40 {[%emt 0:00:02][%mdl 128] And now e7 would win. Black is in trouble.} Rg8 $2 (26... Rf8 $16) 27. Nh4 $2 (27. O-O-O $18) 27... Rge8 $11 (27... Nxh5 28. Ng6+ $1 hxg6 29. Qxg6) 28. e7 (28. Qh3 $15) 28... Rxe7 $2 {[%emt 0:01:14][%mdl 8192] [#]} (28... Qxe7 $17 {stays on course. aiming for ...d5.} 29. O-O-O Qd7) 29. Ng6+ $1 $16 Kg8 (29... hxg6 30. hxg6+) 30. Nxe7+ Qxe7 31. c4 (31. h6 $16) 31... Qf7 (31... h6 $1 $14) 32. b3 (32. h6 $16) 32... d5 (32... Nxh5 $14 33. Qh4 (33. Qd3 Rf8 $11) 33... Nf6) 33. cxd5 ({Don't go for} 33. Qxe5 $2 Re8 34. Qxe8+ Qxe8+ $19) 33... Nxd5 34. Qh4 (34. h6 $18) 34... Nf4 {[%emt 0:00:26] [#]} 35. O-O Nxh5 (35... Ne2+ $16 {keeps fighting.} 36. Kh2 Re8) 36. Qc4 $18 Rc8 37. Rfe1 Qxc4 (37... Re8 {might work better.} 38. Qxc5 e4) 38. bxc4 {[%emt 0:00:01][%mdl 4096] Endgame KRR-KRN} Re8 39. Rad1 {[%emt 0:00:02][%mdl 1024] Threatens to win with Rd7. White has strong compensation.} Nf6 {[%emt 0:00:36] Against Rd7} 40. f3 Kf7 41. Kf2 (41. Rb1 $18) 41... e4 (41... Ke6 $16 {was worth a try.}) 42. Rb1 Re7 43. Rb5 Rc7 44. fxe4 ({White should try} 44. f4) 44... Ke6 45. Kf3 Nd7 46. Reb1 b6 47. axb6 axb6 48. Kf4 Rc8 49. Ra1 ({White should play} 49. Rxb6+ $16 Nxb6 50. Rxb6+ Kf7 51. g4) 49... Rf8+ $14 50. Ke3 Rf6 51. Ra7 Rg6 52. Rb2 Rg3+ (52... h5 $11 {might be stronger.}) 53. Kf4 Rc3 54. Rb7 (54. Rd2 $16 Nf6 55. Rb2) 54... Rxc4 55. Rd2 Rd4 56. Rxd4 cxd4 $11 {[%emt 0:00:02][%cal Bc5d4,Bd4d3,Bd3d2][%mdl 32] KR-KN} 57. e5 h6 58. g4 g6 (58... Nxe5 $2 59. Rxb6+ Kd5 60. Rb5+ Kc6 61. Rxe5 $18) 59. Kg3 h5 60. gxh5 gxh5 {[%emt 0:00:01] ...h4+ is the strong threat.} 61. Kh4 $2 (61. Kf4 $11) 61... d3 {[%emt 0:00:13] Black mates.} 62. Ra7 d2 63. Ra1 Nxe5 64. Kxh5 {[%emt 0:00:19][%mdl 32768] Quite a comeback for Black.  Weighted Error Value: White=0.46/Black=0.38. An unexpected result.} 1/2-1/2

[Event "Slovakia Open 2022"]
[Site "Bratislava"]
[Date "2022.10.02"]
[Round "8.16"]
[White "Rosol, Philip"]
[Black "Rosol, Alexander"]
[Result "1-0"]
[ECO "A50"]
[WhiteElo "1885"]
[BlackElo "2041"]
[Annotator "TA"]
[PlyCount "69"]
[EventDate "2022.09.30"]
[EventCountry "SVK"]
[SourceTitle "playchess.com"]
[Source "ChessBase"]
[SourceQuality "1"]
[TimeControl "2700+10"]

1. d4 Nf6 2. c4 b6 3. Nc3 Bb7 4. Bg5 g6 5. f3 Bg7 ({Black should try} 5... d5 $11) 6. e4 $14 {[%emt 0:00:00] A50: Queen's Fianchetto Defence (1 d4 Nf6 2 c4 b6).} d6 7. Qd2 c5 8. d5 {[%emt 0:00:27] [#] White is better.} a6 $146 ({Predecessor:} 8... h6 9. Be3 Nbd7 10. Nh3 a6 11. Nf2 b5 12. cxb5 Qa5 13. a4 h5 14. Ra3 O-O {1-0 (38) Horvath,J (2531)-De Santis,A (2324) Civitanova Marche 2012}) 9. Bd3 O-O 10. h4 b5 11. g4 {[%emt 0:01:08] White is more active.} Nbd7 12. h5 bxc4 (12... Ne5 $1 $11) 13. Bxc4 Nb6 (13... a5 $14) 14. b3 ({Better is} 14. Be2 $1 $16) 14... Nfd7 (14... Nxc4 $14 15. bxc4 Qa5) 15. hxg6 fxg6 16. Bh6 ({White should play} 16. Be2 $1 $16) 16... Bh8 (16... Nxc4 $11 17. bxc4 Rf7) 17. f4 (17. Bxf8 $16 {Strongly threatening Bh6.} Qxf8 18. Bf1) 17... Nxc4 18. bxc4 Qa5 19. Rc1 Nb6 (19... Bxc3 $11 20. Qxc3 Qxc3+ 21. Rxc3 Rfe8) 20. Qd3 Na4 21. Nge2 Rf7 {[%emt 0:00:34] [#]} (21... Nxc3 $142 22. Nxc3 Rf7) 22. f5 $1 $16 g5 {[%emt 0:03:19] This move loses the game for Black.} (22... Be5 $16) 23. Rh5 $18 ({Don't play} 23. Bxg5 $6 Bc8 24. Bd2 Nxc3 25. Bxc3 (25. Nxc3 Be5 $18) 25... Bxc3+ 26. Nxc3 (26. Qxc3 Qxc3+ 27. Rxc3 a5 $18) 26... Rb8 $18) 23... Bf6 24. Bxg5 Bxc3+ (24... Be5 $142 25. Kf2 Nxc3) 25. Nxc3 {[%emt 0:00:07] Black must now prevent Bd2.} Nxc3 (25... Qb4 $142 26. Kf2 Nxc3 27. Rxc3 Qb2+ 28. Kf3 Bc8) 26. Qxc3 Qxa2 (26... Qxc3+ 27. Rxc3 Rg7) 27. Bh6 {[%emt 0:01:02] Threatening mate with Rg5+.} Rf6 28. g5 (28. Rg5+ $142 Kf7 {[#]} 29. e5 $1) 28... Qg2 29. gxf6 {[%emt 0:00:14] White threatens Rg5+ and mate.} Kf7 30. Rg5 Qh1+ 31. Ke2 Qh2+ 32. Kd3 {[%emt 0:00:23] Rg7+ would kill now.} Bc8 33. Rg7+ {[%emt 0:00:11] White mates.} Ke8 34. Rxe7+ Kd8 35. Qa5# {[%emt 0:00:04] Weighted Error Value: White=0.59/Black=0.78} 1-0

[Event "Slovakia Open 2022"]
[Site "Bratislava"]
[Date "2022.10.02"]
[Round "8.17"]
[White "Mikulas, Dusan"]
[Black "Novosadova, Kristyna"]
[Result "0-1"]
[ECO "C47"]
[WhiteElo "2047"]
[BlackElo "2151"]
[Annotator "TA"]
[PlyCount "100"]
[EventDate "2022.09.30"]
[EventCountry "SVK"]
[SourceTitle "playchess.com"]
[Source "ChessBase"]
[SourceQuality "1"]
[TimeControl "2700+10"]

1. e4 e5 2. Nf3 Nc6 3. Nc3 Nf6 4. d4 exd4 5. Nxd4 Bb4 6. Nxc6 bxc6 7. Bd3 d5 8. exd5 cxd5 9. O-O O-O 10. Bg5 c6 11. Qf3 Be7 {[%emt 0:01:02] 11...h6 is the modern continuation.} 12. h3 Rb8 13. Rab1 {[%emt 0:01:03] C47: Scotch Four Knights and Four Knights with 4 g3.} h6 {[%emt 0:01:07] [#]} (13... Bd6 $11 {remains equal.}) 14. Bf4 ({White has to play} 14. Bxh6 $1 $16 {[%mdl 512] Black must now prevent Qg3.} Bd6 15. Be3) 14... Bd6 $11 15. Ne2 {[%emt 0:03:13] The position is equal.} c5 {[%emt 0:00:16] [#]} 16. Rfd1 $146 ({Predecessor:} 16. c3 Be6 17. Rfe1 Re8 18. Bxd6 Qxd6 19. Qf4 Qxf4 20. Nxf4 a5 21. Bc2 Bd7 22. Rxe8+ Rxe8 {1-0 (49) Llorente Zaro,A (2224)-Antoli Royo,J (2279) Zaragoza 2003}) 16... Bb7 17. Bxd6 Qxd6 18. Ng3 d4 19. Ne4 Nxe4 20. Bxe4 Bxe4 21. Qxe4 Rfe8 22. Qd3 Qe6 23. b3 Rb7 24. Kf1 Rbe7 25. Qd2 $2 (25. Kg1 $11) 25... Qa6+ (25... Qd6 $1 $19 {[%cal Rd6h2] Strongly threatening ...Qh2.} 26. Kg1 Re2) 26. Qd3 $1 $15 Qd6 {[%emt 0:01:21] And now ...Qh2 would win.} 27. Qg3 {[%emt 0:01:10] Against Qh2} Qe6 {[%emt 0:00:33] ...Qe2+ is the strong threat.} 28. Qd3 Qe5 {[%emt 0:00:09] Threatens to win with ...Qh2.} 29. Kg1 {[%emt 0:00:54] Inhibits Qh2+.} Qf6 30. Kf1 $2 {[%emt 0:02:24] Against Re2} (30. Rf1 $11 {and White stays safe.}) 30... Qf4 $40 {[%emt 0:00:36][%mdl 128] Black mounts an attack.} (30... Re3 $1 $19 31. Re1 Rxd3 32. Rxe8+ Kh7 33. cxd3 Qa6) 31. Qg3 Qxg3 (31... Qf5 {with more complications.} 32. Qd3 Qd5 33. c3 Qd6) 32. fxg3 {[%emt 0:00:10][%mdl 4096] Endgame KRR-KRR} Re3 33. Re1 Kf8 34. Kf2 {[%emt 0:00:33] [#]} (34. g4 $15) 34... f5 {[%emt 0:00:58] Black is more active.} (34... Rc3 $1 $17 {Hoping for ...Rxe1.} 35. Rxe8+ Kxe8) 35. Rxe3 Rxe3 {[%emt 0:00:02] KR-KR} 36. Re1 {[%emt 0:01:45] [#] Black converts the advantage convincingly.} ({Better is} 36. b4 $1 $15) 36... Rc3 $1 $19 37. Re2 Kf7 38. a4 (38. Kf1 {was called for.}) 38... a5 39. g4 $2 (39. Kf1 {is a better defense.}) 39... fxg4 40. hxg4 Kf6 41. Kf1 (41. Ke1 $142 Kg5 42. Kd1) 41... Kg5 {[%emt 0:00:17] Black is clearly winning.} 42. Re7 g6 43. Ra7 Rxc2 44. Rxa5 Kf4 45. Ra6 d3 46. Rd6 Ke3 47. Re6+ Kd4 48. a5 Rc1+ 49. Kf2 d2 50. Rd6+ Kc3 {[%emt 0:00:03] Weighted Error Value: White=0.59/Black=0.23 (precise)} 0-1

[Event "Slovakia Open 2022"]
[Site "Bratislava"]
[Date "2022.10.02"]
[Round "8.18"]
[White "Rakhmangulova, Anastasiya"]
[Black "Bombek, Peter"]
[Result "1-0"]
[ECO "C09"]
[WhiteElo "2244"]
[BlackElo "2083"]
[Annotator "TA"]
[PlyCount "53"]
[EventDate "2022.09.30"]
[EventCountry "SVK"]
[SourceTitle "playchess.com"]
[Source "ChessBase"]
[SourceQuality "1"]
[TimeControl "2700+10"]

1. e4 e6 2. d4 d5 3. Nd2 c5 4. Ngf3 Nc6 5. exd5 exd5 6. Bb5 Qe7+ {[%emt 0:00:10] is currently scoring better than 6...Bd6.} 7. Qe2 {[%emt 0:00:17] C09: French Tarrasch: 3...c5 4 exd5 exd5 5 Ngf3 Nc6.} Qxe2+ 8. Kxe2 a6 9. Bxc6+ {[%emt 0:00:15] The position is equal.} bxc6 10. dxc5 Bxc5 11. Nb3 Bb6 12. Be3 {[%emt 0:00:12] [#] Prevents c5.} Rb8 $146 ({Predecessor:} 12... Bxe3 13. Kxe3 Nh6 14. Rhe1 O-O 15. Kd2 Ng4 16. Re2 Nf6 17. Ne5 Ne4+ 18. Ke1 Bb7 {1-0 (56) Novkovic,J (2119)-Katter,K (1826) Austria 2019}) 13. Rhe1 f6 14. Kd2 Kf7 15. Bxb6 Rxb6 16. a4 Ne7 17. a5 Rb8 (17... Rb4 $11) 18. Nfd4 $36 {[%emt 0:00:08][%cal Oe1e7][%mdl 2048] Strongly threatening Rxe7+! White is really pushing. White is more active.} Re8 {[%emt 0:12:40] [#] A mistake that costs the game.} (18... Nf5 $16 {is a better defense.}) 19. Rxe7+ $1 $18 {[%emt 0:03:12][%mdl 512] White is clearly better.} Rxe7 20. Nxc6 Rb5 21. Nxe7 Kxe7 {[%emt 0:00:02][%mdl 4096] Endgame KRB-KRN} 22. Re1+ Kf7 23. Re3 {[%emt 0:00:52] Hoping for Rc3.} d4 24. Rd3 Be6 25. Nxd4 ({Don't play} 25. Rxd4 $6 Bxb3 26. cxb3 Rxa5 $16) 25... Rxb2 (25... Rxa5 {keeps fighting.} 26. Rc3 Rd5) 26. Nxe6 Kxe6 {[%emt 0:00:01] [#]} 27. Rb3 $1 {[%emt 0:00:25] Weighted Error Value: White=0.07 (flawless) /Black=0.23 (precise)} 1-0

[Event "Slovakia Open 2022"]
[Site "Bratislava"]
[Date "2022.10.02"]
[Round "8.19"]
[White "Pasti, Zsombor"]
[Black "Kijac, Miroslav"]
[Result "1-0"]
[ECO "C01"]
[WhiteElo "1884"]
[BlackElo "2078"]
[Annotator "TA"]
[PlyCount "117"]
[EventDate "2022.09.30"]
[EventCountry "SVK"]
[SourceTitle "playchess.com"]
[Source "ChessBase"]
[SourceQuality "1"]
[TimeControl "2700+10"]

1. e4 e6 2. d4 d5 3. exd5 exd5 4. Bd3 c5 5. dxc5 Bxc5 6. Nf3 Nf6 7. O-O O-O 8. Bg5 Qb6 {[%emt 0:01:49] C01: French: Exchange Variation.} (8... h6 $11 {deserves consideration.} 9. Bh4 g5) 9. Nc3 $14 Qd6 {[%emt 0:06:18] [#]} (9... Nbd7 $14) 10. Bxf6 $146 (10. Nb5 $1 $18 Qc6 11. Bxf6) ({Predecessor:} 10. Na4 Bb4 11. a3 Ba5 12. b4 Bc7 13. Bh4 Qc6 14. Nc5 Bg4 15. h3 Bh5 16. g4 {0-1 (32) Lindner,R (1391)-Bluebaum,J (1542) Willingen 2005}) 10... Qxf6 $16 {[%emt 0:00:21] White is better.} 11. Nxd5 Qd6 12. Re1 Nc6 {[%emt 0:00:05] Inhibits Ne7+.} 13. Nc3 {[%emt 0:00:33] And now Ne4 would win.} Bg4 14. Ne4 Qe7 15. Neg5 Qc7 (15... Bxf3 $16 16. Nxf3 (16. Bxh7+ Kh8 $16) 16... Qf6) 16. Bxh7+ $18 Kh8 17. h3 (17. Qd5 $18 {and White stays clearly on top.} Ne7 18. Nxf7+ Kxh7 19. N3g5+ (19. Qe4+ Kg8 $16) 19... Kg8 20. Rxe7 $1 Qxe7 21. Ne5+ Be6 22. Nxe6 (22. Qxe6+ Qxe6 23. Nxe6 Bxf2+ 24. Kf1 Rf6 $15) 22... Bxf2+ 23. Kh1) 17... Rad8 (17... Qg3 $16 {was called for.} 18. Ne4 (18. hxg4 Bxf2+ 19. Kf1 Bxe1 $16) 18... Bxf3 19. Nxg3 (19. Qxf3 Qxf3 20. gxf3 Be7 $17) 19... Bxd1) 18. Qe2 (18. hxg4 Rxd1 19. Raxd1 Qb6 $17) (18. Bd3 $18 Bh5 19. Qe2) 18... Nd4 $1 $14 19. Qe5 Bd6 {[%emt 0:12:20] This bishop pair is nice.} 20. Qxd4 (20. Qe4 $1 $16 Bxf3 21. Qh4 (21. gxf3 Bf4 $17) (21. Nxf3 Nxf3+ 22. gxf3 g6 $17) 21... Bh2+ 22. Kf1) 20... Bh2+ $1 $11 {[%emt 0:00:24][%mdl 64] Discovered Attack} 21. Nxh2 Rxd4 22. Nxg4 (22. hxg4 $14 Qd8 23. Be4 $1 Qxg5 24. Nf3) 22... Rd5 23. Ne4 (23. h4 $11 Rxg5 24. hxg5 Kxh7 25. Ne3) 23... Rh5 ({Reject} 23... Kxh7 {[#]} 24. Ngf6+ $1 gxf6 25. Nxf6+ Kg7 26. Nxd5 $11) (23... Ra5 $5 24. Bg6 (24. b4 Rh5 $17) 24... fxg6 $15) 24. Nef6 gxf6 25. Bd3 Kg7 26. Re3 Rg5 27. Rf3 Qb6 28. b3 {[%emt 0:00:48][%mdl 1024] White has compensation.} Qc6 29. Kf1 Qd6 30. Re1 Rh8 31. Rxf6 Qb4 32. Bc4 (32. Re4 $1 $14 Qd2 33. Rf3) 32... Rxg4 $1 33. Rxf7+ Kh6 {[%emt 0:00:43] White leaves nothing to chance now.} (33... Kg6 $11 34. Rfe7 (34. c3 $2 Qxc3 35. Rf3 Rxc4 $19) 34... Rd4) 34. hxg4 {[%emt 0:00:31] Dancing on a razor blade. White is more active.} ({White should try} 34. a3 $16 Qxe1+ 35. Kxe1 Rxg2 36. Rxb7) 34... Kg5 $2 (34... Kg6 $14 35. Re3 (35. Rd1 $2 Rh1+ 36. Ke2 Rxd1 $17) 35... Rh1+ 36. Ke2 Re1+ 37. Kf3 Rxe3+ 38. fxe3 Qd6) 35. Re5+ (35. f4+ $142 Kg6 36. Ree7 Qxe7 37. Rxe7) 35... Kg6 $18 {[%emt 0:00:32] Strongly threatening ...Rh1+.} 36. Kg1 {[%emt 0:01:00] Prevents Rh1+.} Qc3 (36... Qxc4 $142 37. bxc4 Kxf7) 37. Re6+ (37. Rfe7 $142 {Bd3+ would kill now.} Rd8 38. Bd3+ Rxd3 39. cxd3) 37... Kg5 (37... Kxf7 $18 38. Re3+ Qxc4 39. bxc4 Rc8) 38. Rfe7 (38. Rf5+ $142 Kxg4 39. Rd5 Qa1+ 40. Bf1 Rh1+ 41. Kxh1 Qxf1+ 42. Kh2 Qxf2 43. Re4+ Qf4+ 44. Rxf4+ Kxf4 45. Kh3) 38... Kxg4 39. Re4+ (39. Bd3 $142 Qa1+ 40. Re1 Qxe1+ 41. Rxe1) 39... Kf5 40. R7e5+ $2 (40. Bd3 {Intending R4e5+ and mate.} Kf6 41. R4e6+ Kg5 42. g3 Qa1+ 43. Re1) 40... Qxe5 41. Rxe5+ Kxe5 {[%emt 0:00:10][%mdl 4096] Endgame KR-KB} 42. g3 Rd8 43. Bd3 Kf6 44. Kg2 Re8 45. f4 a5 46. a4 {[%emt 0:00:08] g4 is the strong threat.} Re1 $2 (46... Kg7 47. g4 Kh6) 47. g4 Re3 48. Kf2 Rh3 49. Bf1 Rc3 50. Bd3 Rc8 51. Kg3 {[%emt 0:00:05] Threatens to win with g5+.} Re8 52. g5+ Kg7 53. f5 Rd8 54. f6+ Kf7 55. Kf4 Rd4+ 56. Be4 (56. Ke5 $142 Rg4 57. g6+ Kf8 58. g7+ Rxg7 59. fxg7+ Kxg7 60. c4 b6 61. Kd6) 56... Rb4 57. Kf5 {[%emt 0:00:15] White mates.} b5 58. g6+ Kf8 59. g7+ {[%emt 0:00:01] Weighted Error Value: White=0.76/Black=0.48} 1-0

[Event "Slovakia Open 2022"]
[Site "Bratislava"]
[Date "2022.10.02"]
[Round "8.20"]
[White "Sobek, Michal"]
[Black "Balint, Peter"]
[Result "0-1"]
[ECO "B40"]
[WhiteElo "2156"]
[BlackElo "2235"]
[Annotator "TA"]
[PlyCount "82"]
[EventDate "2022.09.30"]
[EventCountry "SVK"]
[SourceTitle "playchess.com"]
[Source "ChessBase"]
[SourceQuality "1"]
[TimeControl "2700+10"]

1. e4 c5 2. Nf3 e6 3. b3 Nc6 4. Bb2 d5 5. exd5 exd5 6. Bb5 {[%emt 0:00:13] B40: Sicilian: 2...e6, Unusual lines.} Nf6 7. Qe2+ Be6 8. Ng5 {[%emt 0:01:42] The position is equal.} Qd7 9. O-O O-O-O 10. Nxe6 fxe6 11. Re1 Re8 {[%emt 0:00:56] [#]} 12. d4 $146 ({Predecessor:} 12. d3 Bd6 13. c4 Rhf8 14. Nd2 a6 15. Bxc6 Qxc6 16. Nf3 Bf4 17. Be5 Bh6 18. Bg3 {½-½ (46) Finneran,M (2024)-Shvartsman,A (2192) Irvine 2010}) 12... a6 13. Bxc6 Qxc6 14. Nd2 Kb8 15. Nf3 Bd6 16. Ne5 Qc7 17. Ba3 (17. dxc5 $16 Bxc5 18. c4) 17... Ne4 $11 (17... cxd4 $2 18. Bxd6 Qxd6 19. Nf7 $18) 18. Qd3 g5 19. f3 cxd4 20. Bxd6 Nxd6 21. Qxd4 Nf5 22. Qa4 (22. Qd2 $14) 22... h5 ({Black should play} 22... Qc3 $1 $15) 23. c4 $1 Ka7 (23... Qb6+ $11 24. Kh1 Qf2 25. Nd7+ Ka8) 24. Rac1 (24. Qb4 $14) 24... Qc5+ 25. Kh1 g4 {[%emt 0:04:39] And now ...h4 would win.} 26. cxd5 Qb6 {[%emt 0:04:38] Hoping for ...h4.} 27. Qf4 $2 {[%emt 0:07:00] [#] Black converts the advantage convincingly.} (27. Qc4 $11) 27... h4 $1 $19 28. Nc4 $2 ({Not} 28. Nxg4 $2 {[#]} Ng3+ $1 29. Qxg3 hxg3 $19) (28. h3 gxh3 29. Rc2) 28... Qf2 {[%emt 0:00:39][%cal Of5g3] ( -> ...Ng3+!)} 29. Rf1 {[%emt 0:00:50] [#]} Ng3+ $1 30. Qxg3 hxg3 31. Rxf2 Rxh2+ 32. Kg1 Reh8 33. Kf1 Rh1+ {[%emt 0:00:05][%mdl 64] Skewer} 34. Ke2 Rxc1 35. Rf1 Rxf1 36. Kxf1 exd5 {[%emt 0:00:01][%cal Be6d5,Bd5d4,Bd4d3,Bd3d2][%mdl 32] KR-KN} 37. Ne3 gxf3 {[%emt 0:00:04] Black mates.} 38. gxf3 d4 39. Ng4 d3 40. Kg2 d2 41. Ne3 Re8 {[%emt 0:00:08] Weighted Error Value: White=0.60/Black=0.08 (flawless)} 0-1

[Event "Slovakia Open 2022"]
[Site "Bratislava"]
[Date "2022.10.02"]
[Round "8.21"]
[White "Babula, Matej"]
[Black "Csontos, Aron"]
[Result "1/2-1/2"]
[ECO "C54"]
[WhiteElo "1864"]
[BlackElo "1962"]
[Annotator "TA"]
[PlyCount "92"]
[EventDate "2022.09.30"]
[EventCountry "SVK"]
[SourceTitle "playchess.com"]
[Source "ChessBase"]
[SourceQuality "1"]
[TimeControl "2700+10"]

1. e4 e5 2. Nf3 Nc6 3. Bc4 Bc5 4. c3 Nf6 5. d3 a6 6. a4 O-O 7. O-O Ba7 8. Bg5 h6 9. Bh4 d6 10. h3 {[%emt 0:01:03] C54: Giuoco Piano: 4 c3 Nf6, main lines with 5 d4 and 5 d3.} Be6 11. Nbd2 {[%emt 0:02:05][%cal Bb1d2,Bd2c4,Bc4e3][%mdl 32] [#]} g5 $146 ({Predecessor:} 11... Qe7 12. b4 Rad8 13. Re1 g5 14. Bg3 Nh5 15. Bh2 Nf4 16. Nf1 Qf6 17. Ne3 Ne7 {0-1 (67) Pavlidis,A (2552)-Klekowski,M (2502) Chess.com INT 2018}) 12. Nxg5 hxg5 $11 13. Bxg5 Bxc4 $2 (13... Kg7 $15 {stays ahead.}) 14. Nxc4 {[%emt 0:00:25] aiming for Ne3.} Qe7 15. Qf3 Kg7 {[%emt 0:00:21] [#]} 16. Ne3 $1 {[%emt 0:04:06] White is more active.} Qe6 (16... Bxe3 $2 17. fxe3 Ng8 18. Qg4 $18) 17. Qg3 (17. Nf5+ $18 Kh7 18. Qg3) 17... Rg8 $2 (17... Nh5 $15 {keeps the upper hand.} 18. Qh4 Bxe3 19. fxe3 Rh8) 18. Bxf6+ $18 ({Not} 18. Qh4 Nh7 19. Nf5+ Kh8 $17) 18... Kf8 (18... Kxf6 $2 19. Nd5+ Qxd5 20. Qf3+ Ke7 21. exd5 $18) 19. Qh4 Bxe3 (19... Ke8 {keeps fighting.} 20. Nf5 Kd7) 20. fxe3 Ke8 21. Bg5 $2 {[%emt 0:02:33] [#]} (21. d4 $18 Kd7 22. d5) 21... Qg6 $17 {[%emt 0:00:51] Prevents Qh7.} 22. Qf2 Qxg5 23. Qxf7+ Kd8 24. Rf2 (24. Qf6+ $142 Qxf6 25. Rxf6) 24... Kc8 (24... Ne7 $17 {White must now prevent ...Kd7.} 25. Qf3 Kd7) 25. b4 (25. Raf1 $11) 25... Kb8 26. Raf1 Rg7 (26... Ka7 $17 27. Re2 Rg7) 27. Qa2 (27. Qf6 $15) 27... Qxe3 28. Kh1 Qxd3 $2 (28... Rg3 $19 29. Kh2 Ka7) 29. b5 $2 (29. Rf3 $1 $11 {and White is okay.} Qxe4 30. Rf8+ Nd8 31. Rxd8+ Ka7 32. Rxa8+ Kxa8 33. Rf8+ Ka7 34. Qf2+ b6 35. a5) 29... Qxe4 $2 (29... Nd8 $19 {Hoping for ...Ka7.} 30. Qd5 Qxd5 31. exd5 Kc8) 30. bxc6 $2 ({Better is} 30. Rf8+ $1 $11 Nd8 31. Rxd8+ Ka7 32. Rxa8+ Kxa8 33. Rf8+ Ka7 34. Qf2+ b6 35. a5) 30... Qxc6 31. Rf8+ Ka7 {[%emt 0:00:03] ...Rxf8 is the strong threat.} 32. Qf2+ b6 33. Rxa8+ Qxa8 $19 {[%emt 0:00:02][%mdl 4096] Endgame KQR-KQR} 34. Qf3 e4 35. Qe3 (35. Qf6 $17 Rh7 36. a5) 35... a5 36. Rf5 d5 37. c4 Qg8 ({Black should try} 37... Rd7 $19 {And now ...d4 would win.} 38. cxd5 Rxd5) 38. Rxd5 $11 {[%emt 0:00:21] The position is equal.} Rxg2 {[%emt 0:00:12] Strongly threatening ...Rg3.} 39. Rxa5+ $1 Kb8 40. Ra8+ Kxa8 41. Qxe4+ Ka7 {[%emt 0:00:09] ( -> ...Rg1+)} 42. Qxg2 Qxc4 {[%emt 0:00:01] KQ-KQ} 43. Qg4 Qf1+ 44. Kh2 Qf2+ 45. Kh1 Qf1+ 46. Kh2 Qf2+ {[%emt 0:00:02] Quite a comeback for White.  Weighted Error Value: White=0.53/Black=0.72} 1/2-1/2